 Dungeon Crawl Stone Soup version 0.20.1-1-g8b1a95d (webtiles) character file.

167 homeworkjunkie the Chopper (level 5, -7/47 HPs)
             Began as a Hill Orc Fighter on Nov 9, 2017.
             Shot with an arrow by a centaur (14 damage)
             ... on level 6 of the Dungeon.
             The game lasted 00:04:32 (2210 turns).

homeworkjunkie the Chopper (Hill Orc Fighter)       Turns: 2210, Time: 00:04:34

Health: -7/47      AC:  7    Str: 20    XL:     5   Next: 48%
Magic:  5/5        EV:  7    Int:  8    God:
Gold:   121        SH:  9    Dex: 10    Spells: 4/4 levels left

rFire    + . .     SeeInvis .   a - +0 war axe
rCold    . . .     Gourm    .   c - +0 shield
rNeg     . . .     Faith    .   b - +0 scale mail
rPois    .         Spirit   .   (no helmet)
rElec    .         Reflect  .   (no cloak)
rCorr    .         Harm     .   (no gloves)
MR       .....                  (no boots)
Stlth    ..........             (no amulet)
Regen    0.2/turn               l - ring of wizardry
MPRegen  0.1/turn               j - ring of protection from fire

@: marked
A: no striking features
a: no special abilities


You were on level 6 of the Dungeon.
You were full.

You visited 1 branch of the dungeon, and saw 5 of its levels.

You collected 121 gold pieces.

Inventory:

Hand Weapons
 a - a +0 war axe (weapon)
Armour
 b - a +0 scale mail (worn)
 c - a +0 shield (worn)
Jewellery
 j - a ring of protection from fire (right hand)
 l - a ring of wizardry (left hand)
Potions
 d - a potion of might
 e - 2 potions of flight
 g - a potion of haste {unknown}
 h - 2 potions of agility
 i - 2 potions of heal wounds
 k - 4 potions of curing
Comestibles
 f - a bread ration


   Skills:
 * Level 4.4 Fighting
 * Level 4.8 Axes
 * Level 4.1 Armour
 + Level 0.8 Dodging
 * Level 4.1 Shields


You had 4 spell levels left.
You didn't know any spells.

Dungeon Overview and Level Annotations

Branches:
Dungeon (4/15)
 Temple: D:4-7

Altars:
Uskayaw
Vehumet


Message History

You hit the centaur.
The centaur is severely wounded.
You closely miss the bullfrog.
The bullfrog hits you but does no damage.
The centaur hits you but does no damage.
The bullfrog hits you. The centaur hits you.
You hit the centaur.
The centaur is almost dead.
You hit the centaur. You barely miss the bullfrog.
You block the centaur's attack. You block the bullfrog's attack.
The centaur closely misses you. The centaur barely misses you.
The bullfrog closely misses you. The centaur hits you.
A gnoll comes into view. It is wielding a halberd.
The centaur wields a shortbow.
The centaur shoots an arrow.
The arrow hits you. The bullfrog closely misses you.
You block the hound zombie's attack.
The centaur wields a runed shortbow.
The centaur shoots an arrow.
The arrow hits you!
* * * LOW HITPOINT WARNING * * *
The centaur shoots an arrow.
The arrow hits you!
You die...

# # ##.#h#######.#.
g...F5c.c......
#.####.FY####.
#....'@Z.'....
##############...#####
.............o...#
#############.#### #.#
#.# #.# #.. ##.


You could see an ice beast, a bullfrog, 2 centaurs, an orc wizard and a hound
zombie.

Vanquished Creatures
  A wyvern zombie (D:3)
  4 adders
  3 dart slugs
  7 leopard geckos
  An orc (D:3)
  6 giant cockroaches
  2 goblins (D:3)
  2 hobgoblins
  7 jackals (D:3)
  6 bats
  4 frilled lizards
  11 kobolds
  3 rats
57 creatures vanquished.

Notes
Turn   | Place    | Note
-------+----------+-------------------------------------------
     0 | D:1      | homeworkjunkie the Hill Orc Fighter began the quest for the Orb.
     0 | D:1      | Reached XP level 1. HP: 19/19 MP: 1/1
   384 | D:1      | Reached XP level 2. HP: 27/27 MP: 2/2
   601 | D:2      | Found a radiant altar of Vehumet.
   610 | D:2      | Reached XP level 3. HP: 33/33 MP: 3/3
  1220 | D:2      | Found a hide-covered altar of Uskayaw.
  1264 | D:3      | Reached XP level 4. HP: 37/40 MP: 4/4
  1276 | D:3      | Reached XP level 5. HP: 8/47 MP: 5/5
  2192 | D:3      | You fall through a shaft for 3 floors!
  2203 | D:6      | Noticed a centaur
  2207 | D:6      | Noticed an ice beast
  2208 | D:6      | Noticed a centaur
  2210 | D:6      | Shot with an arrow by a centaur

Skill      XL: |  1  2  3  4  5 |
---------------+----------------+-----
Axes           | 3 4 |  4.8
Fighting       | 4 |  4.4
Shields        | 4 |  4.1
Armour         | 4 |  4.1
Dodging        | |  0.8

Action                   |  1- 3 |  4- 6 || total
-------------------------+-------+-------++-------
Melee: War axe           |   143 |    87 ||   230
  Use: Scroll            |     5 |     2 ||     7
       Potion            |       |     1 ||     1
  Eat: Fruit             |     4 |       ||     4
       Bread ration      |       |     1 ||     1
       Royal jelly       |       |     1 ||     1
Armor: Scale mail        |    76 |    58 ||   134
Dodge: Dodged            |    52 |    26 ||    78
Block: Shield            |    86 |    48 ||   134
